| TOP OF THE 1ST |
|
Greenwood Grizzlies batting - Pitching for Sumter Gamecocks : LHP Daniel Ortega
|
|
Pitching: LHP Daniel Ortega
|
|
|
Batting: RHB Dave Gallagher
|
0-0: Ball 1-0: Ball 2-0: Fly out, F8 (Flyball, 8RM, EV 90.6 MPH)
|
|
Batting: LHB Daryl Boston
|
0-0: Called Strike 0-1: Called Strike 0-2: Ball 1-2: Ball 2-2: Fly out, F8 (Line Drive, 8LD, EV 95.0 MPH)
|
|
Batting: LHB Mike Greenwell
|
0-0: Fly out, F8 (Flyball, 8RM, EV 93.1 MPH)
|
| Top of the 1st over - 0 runs, 0 hits, 0 errors, 0 left on base; Greenwood 0 - Sumter 0 |
| BOTTOM OF THE 1ST |
|
Sumter Gamecocks batting - Pitching for Greenwood Grizzlies : LHP Rich Barnes
|
|
Pitching: LHP Rich Barnes
|
|
|
Batting: SHB John Cangelosi
|
0-0: Called Strike 0-1: Foul Ball, location: 2F 0-2: Ball 1-2: Foul Ball, location: 2F 1-2: Foul Ball, location: 2F 1-2: Foul Ball, location: 2F 1-2: Ball 2-2: Ground out 6-3 (Groundball, 6S, EV 85.6 MPH)
|
|
Batting: LHB Antonio Tapia
|
0-0: Called Strike 0-1: Called Strike 0-2: Strikes out looking
|
|
Batting: RHB Randy Washington
|
0-0: SINGLE (Flyball, 56D, EV 92.5 MPH)
|
|
Batting: RHB Ron Shepherd
|
0-0: Ball 1-0: Fly out, F7 (Flyball, 78S, EV 81.3 MPH)
|
| Bottom of the 1st over - 0 runs, 1 hit, 0 errors, 1 left on base; Greenwood 0 - Sumter 0 |
| TOP OF THE 2ND |
|
Greenwood Grizzlies batting - Pitching for Sumter Gamecocks : LHP Daniel Ortega
|
|
Batting: RHB Jim Sherman
|
0-0: Called Strike 0-1: Ground out 5-3 (Groundball, 56S, EV 71.3 MPH)
|
|
Batting: RHB George Chadwick
|
0-0: SINGLE (Groundball, 4S, EV 70.0 MPH) (infield hit)
|
|
Batting: RHB Robert Weirum
|
0-0: Ball 1-0: Foul Ball, location: 2F 1-1: Foul Ball, location: 2F 1-2: DOUBLE (Flyball, 8RD, EV 87.5 MPH) George Chadwick to third Runner from 3rd tries for Home, SAFE, throw by CF to home
|
|
Batting: RHB Frank Castro
|
0-0: Called Strike 0-1: Called Strike 0-2: Ball 1-2: Foul Ball, location: 2F 1-2: Ball 2-2: Ball 3-2: Strikes out swinging
|
|
Batting: LHB John Flammang
|
0-0: Ball 1-0: Swinging Strike 1-1: Foul Ball, location: 2F 1-2: Strikes out swinging
|
| Top of the 2nd over - 1 run, 2 hits, 0 errors, 1 left on base; Greenwood 1 - Sumter 0 |
| BOTTOM OF THE 2ND |
|
Sumter Gamecocks batting - Pitching for Greenwood Grizzlies : LHP Rich Barnes
|
|
Batting: LHB Mark Gerard
|
0-0: Ball 1-0: Ball 2-0: SINGLE (Line Drive, 89M, EV 109.4 MPH)
|
|
Batting: RHB Vaughn Calloway
|
0-0: Ball 1-0: Called Strike 1-1: Ball 2-1: Ball 3-1: Called Strike 3-2: Foul Ball, location: 2F 3-2: Foul Ball, location: 2F 3-2: Strikes out swinging
|
|
Batting: RHB Jerry Hidalgo
|
0-0: Ball 1-0: Ball 2-0: Ball 3-0: Base on Balls Mark Gerard to second
|
|
Batting: RHB Claude Johnson
|
0-0: Called Strike 0-1: Foul Ball, location: 2F 0-2: Ball 1-2: 3-RUN HOME RUN (Line Drive, 7D, EV 102.5 MPH), Distance : 378 ft
|
|
Batting: RHB Juan Hernandez
|
0-0: Called Strike 0-1: Foul Ball, location: 2F 0-2: Foul Ball, location: 2F 0-2: Ground out 6-3 (Groundball, 6, EV 79.4 MPH)
|
|
Batting: SHB John Cangelosi
|
0-0: Ball 1-0: Called Strike 1-1: Ball 2-1: DOUBLE (Line Drive, 5D, EV 102.5 MPH)
|
|
Batting: LHB Antonio Tapia
|
0-0: Called Strike 0-1: Ball 1-1: Ball 2-1: Called Strike 2-2: Strikes out looking
|
| Bottom of the 2nd over - 3 runs, 3 hits, 0 errors, 1 left on base; Greenwood 1 - Sumter 3 |
| TOP OF THE 3RD |
|
Greenwood Grizzlies batting - Pitching for Sumter Gamecocks : LHP Daniel Ortega
|
|
Batting: RHB Timothy Hume
|
0-0: Hit by Pitch
|
|
Batting: RHB Dave Gallagher
|
0-0: Called Strike 0-1: Ball 1-1: Grounds into double play, 6-4-3 (Groundball, 6S, EV 84.4 MPH)
|
|
Batting: LHB Daryl Boston
|
0-0: Foul Ball, location: 2F 0-1: Ball 1-1: Foul Ball, location: 2F 1-2: Fly out, F6 (Line Drive, 6, EV 67.5 MPH)
|
| Top of the 3rd over - 0 runs, 0 hits, 0 errors, 0 left on base; Greenwood 1 - Sumter 3 |
| BOTTOM OF THE 3RD |
|
Sumter Gamecocks batting - Pitching for Greenwood Grizzlies : LHP Rich Barnes
|
|
Batting: RHB Randy Washington
|
0-0: Ball 1-0: Ball 2-0: Ball 3-0: Base on Balls
|
|
Batting: RHB Ron Shepherd
|
0-0: Grounds into double play, 6-4-3 (Groundball, 6, EV 103.1 MPH)
|
|
Batting: LHB Mark Gerard
|
0-0: Ball 1-0: Ball 2-0: Called Strike 2-1: Foul Ball, location: 2F 2-2: Ball 3-2: Base on Balls
|
|
Batting: RHB Vaughn Calloway
|
0-0: Called Strike 0-1: SINGLE (Groundball, 6M, EV 87.5 MPH) (infield hit) Mark Gerard to second
|
|
Batting: RHB Jerry Hidalgo
|
0-0: Ball 1-0: Ball 2-0: Ball 3-0: Called Strike 3-1: Fly out, F8 (Line Drive, 8RD, EV 98.8 MPH)
|
| Bottom of the 3rd over - 0 runs, 1 hit, 0 errors, 2 left on base; Greenwood 1 - Sumter 3 |
| TOP OF THE 4TH |
|
Greenwood Grizzlies batting - Pitching for Sumter Gamecocks : LHP Daniel Ortega
|
|
Batting: LHB Mike Greenwell
|
0-0: Called Strike 0-1: Ball 1-1: Foul Ball, location: 2F 1-2: Ball 2-2: Ball 3-2: Ground out 6-3 (Groundball, 6MD, EV 98.1 MPH)
|
|
Batting: RHB Jim Sherman
|
0-0: Foul Ball, location: 2F 0-1: Ground out 5-3 (Groundball, 56, EV 83.1 MPH)
|
|
Batting: RHB George Chadwick
|
0-0: Fly out, F9 (Line Drive, 9, EV 95.0 MPH)
|
| Top of the 4th over - 0 runs, 0 hits, 0 errors, 0 left on base; Greenwood 1 - Sumter 3 |
| BOTTOM OF THE 4TH |
|
Sumter Gamecocks batting - Pitching for Greenwood Grizzlies : LHP Rich Barnes
|
|
Batting: RHB Claude Johnson
|
0-0: Ball 1-0: Ball 2-0: SOLO HOME RUN (Line Drive, 7LD, EV 100.6 MPH), Distance : 354 ft
|
|
Batting: RHB Juan Hernandez
|
0-0: Called Strike 0-1: Ball 1-1: Foul Ball, location: 2F 1-2: Fly out, F7 (Flyball, 7LD, EV 108.1 MPH)
|
|
Batting: SHB John Cangelosi
|
0-0: Ball 1-0: Ball 2-0: Ball 3-0: Base on Balls
|
|
Batting: LHB Antonio Tapia
|
0-0: Ball 1-0: Fly out, F8 (Flyball, 8LM, EV 90.6 MPH)
|
|
Batting: RHB Randy Washington
|
0-0: Called Strike 0-1: Ball 1-1: Foul Ball, location: 2F 1-2: Foul Ball, location: 2F 1-2: Foul Ball, location: 2F 1-2: Ball 2-2: Foul Ball, location: 2F 2-2: Ball 3-2: Foul Ball, location: 2F 3-2: Ground out U3 (Groundball, 3, EV 83.1 MPH)
|
| Bottom of the 4th over - 1 run, 1 hit, 0 errors, 1 left on base; Greenwood 1 - Sumter 4 |
| TOP OF THE 5TH |
|
Greenwood Grizzlies batting - Pitching for Sumter Gamecocks : LHP Daniel Ortega
|
|
Batting: RHB Robert Weirum
|
0-0: Called Strike 0-1: Ball 1-1: Ground out 5-3 (Groundball, 56, EV 86.3 MPH)
|
|
Batting: RHB Frank Castro
|
0-0: Called Strike 0-1: Called Strike 0-2: Strikes out swinging
|
|
Batting: LHB John Flammang
|
0-0: Ball 1-0: Foul Ball, location: 2F 1-1: Ball 2-1: Ground out 5-3 (Groundball, 56, EV 86.9 MPH)
|
| Top of the 5th over - 0 runs, 0 hits, 0 errors, 0 left on base; Greenwood 1 - Sumter 4 |
| BOTTOM OF THE 5TH |
|
Sumter Gamecocks batting - Pitching for Greenwood Grizzlies : LHP Rich Barnes
|
|
Batting: RHB Ron Shepherd
|
0-0: Called Strike 0-1: Ball 1-1: Called Strike 1-2: Strikes out swinging
|
|
Batting: LHB Mark Gerard
|
0-0: Foul Ball, location: 2F 0-1: Ball 1-1: Ball 2-1: Called Strike 2-2: Ball 3-2: Strikes out looking
|
|
Batting: RHB Vaughn Calloway
|
0-0: Ball 1-0: Foul Ball, location: 2F 1-1: Ball 2-1: Ball 3-1: Base on Balls
|
|
Batting: RHB Jerry Hidalgo
|
0-0: Ball 1-0: Swinging Strike 1-1: Ball 2-1: Ground out 4-3 (Groundball, 4, EV 83.1 MPH)
|
| Bottom of the 5th over - 0 runs, 0 hits, 0 errors, 1 left on base; Greenwood 1 - Sumter 4 |
| TOP OF THE 6TH |
|
Greenwood Grizzlies batting - Pitching for Sumter Gamecocks : LHP Daniel Ortega
|
|
Batting: RHB Timothy Hume
|
0-0: Ball 1-0: Fly out, F8 (Flyball, 8LM, EV 88.8 MPH)
|
|
Batting: RHB Dave Gallagher
|
0-0: Ball 1-0: Foul Ball, location: 2F 1-1: Called Strike 1-2: Foul Ball, location: 2F 1-2: Ball 2-2: DOUBLE (Line Drive, 3D, EV 101.3 MPH)
|
|
Batting: LHB Daryl Boston
|
0-0: Foul Ball, location: 2F 0-1: Ground out U3 (Groundball, 34, EV 80.6 MPH) Dave Gallagher to third
|
|
Batting: LHB Mike Greenwell
|
0-0: Ground out 5-3 (Groundball, 5, EV 85.0 MPH)
|
| Top of the 6th over - 0 runs, 1 hit, 0 errors, 1 left on base; Greenwood 1 - Sumter 4 |
| BOTTOM OF THE 6TH |
|
Sumter Gamecocks batting - Pitching for Greenwood Grizzlies : LHP Rich Barnes
|
|
Batting: RHB Claude Johnson
|
0-0: Ball 1-0: Ground out 5-3 (Groundball, 5, EV 77.5 MPH)
|
|
Batting: RHB Juan Hernandez
|
0-0: Ground out 2-3 (Groundball, 13S, EV 70.6 MPH)
|
|
Batting: SHB John Cangelosi
|
0-0: Called Strike 0-1: Ball 1-1: Foul Ball, location: 2F 1-2: Ball 2-2: SINGLE (Groundball, 56S, EV 64.4 MPH) (infield hit)
|
|
Batting: LHB Antonio Tapia
|
0-0: Ball 1-0: Swinging Strike Pickoff Throw to First - Out! 1-3
|
| Bottom of the 6th over - 0 runs, 1 hit, 0 errors, 0 left on base; Greenwood 1 - Sumter 4 |
| TOP OF THE 7TH |
|
Greenwood Grizzlies batting - Pitching for Sumter Gamecocks : LHP Daniel Ortega
|
|
Batting: RHB Jim Sherman
|
0-0: Called Strike 0-1: Swinging Strike 0-2: Ball 1-2: Ground out 5-3 (Groundball, 56, EV 76.9 MPH)
|
|
Batting: RHB George Chadwick
|
0-0: Ball 1-0: Reaches on Catchers interference
|
|
Batting: RHB Robert Weirum
|
0-0: Ball 1-0: Ball 2-0: Ball 3-0: Called Strike 3-1: Fly out, F6 (Line Drive, 6, EV 74.4 MPH)
|
|
Batting: RHB Frank Castro
|
0-0: Ball 1-0: Foul Ball, location: 2F 1-1: Foul Ball, location: 2F 1-2: Strikes out swinging
|
| Top of the 7th over - 0 runs, 0 hits, 1 error, 1 left on base; Greenwood 1 - Sumter 4 |
| BOTTOM OF THE 7TH |
|
Sumter Gamecocks batting - Pitching for Greenwood Grizzlies : LHP Rich Barnes
|
|
Batting: LHB Antonio Tapia
|
0-0: Ground out 6-3 (Groundball, 6M, EV 85.0 MPH)
|
|
Batting: RHB Randy Washington
|
0-0: Ball 1-0: Foul Ball, location: 2F 1-1: Fly out, F7 (Flyball, 7S, EV 91.9 MPH)
|
|
Batting: RHB Ron Shepherd
|
0-0: SINGLE (Line Drive, 8RS, EV 100.0 MPH)
|
|
Batting: LHB Mark Gerard
|
0-0: Called Strike 0-1: SINGLE (Flyball, 7LS, EV 96.9 MPH) Ron Shepherd to second
|
|
Batting: RHB Vaughn Calloway
|
0-0: Ball 1-0: Called Strike 1-1: Swinging Strike 1-2: Strikes out swinging
|
| Bottom of the 7th over - 0 runs, 2 hits, 0 errors, 2 left on base; Greenwood 1 - Sumter 4 |
| TOP OF THE 8TH |
|
Greenwood Grizzlies batting - Pitching for Sumter Gamecocks : LHP Daniel Ortega
|
|
Batting: LHB John Flammang
|
0-0: Ball 1-0: Ball 2-0: Called Strike 2-1: Ball 3-1: SINGLE (Groundball, 4M, EV 97.5 MPH) (infield hit)
|
|
Batting: RHB Timothy Hume
|
0-0: Ball 1-0: Ball 2-0: Ball 3-0: Called Strike 3-1: Called Strike 3-2: DOUBLE (Groundball, 5L, EV 94.4 MPH) John Flammang to third Runner from 3rd tries for Home, SAFE, no throw by LF
|
|
Batting: RHB Dave Gallagher
|
0-0: Ball 1-0: Ball 2-0: Ball 3-0: Base on Balls
|
|
Batting: LHB Daryl Boston
|
0-0: Bunted foul 0-1: Bunt missed! 0-2: Foul Ball, location: 2F 0-2: Foul Ball, location: 2F 0-2: Ball 1-2: Ball 2-2: SINGLE (Groundball, 4M, EV 103.1 MPH) (infield hit) Timothy Hume to third Dave Gallagher to second
|
|
Batting: LHB Mike Greenwell
|
0-0: Fly out, F8 (Flyball, 8RD, EV 104.4 MPH) Runner from 3rd tags up, SCORES, throw by CF Dave Gallagher to third
|
|
Batting: RHB Jim Sherman
|
0-0: Ball 1-0: Called Strike 1-1: Foul Ball, location: 2F 1-2: Fly out, F9 (Flyball, 9S, EV 79.4 MPH) Runner from 3rd tags up, SCORES, throw by RF
|
|
Batting: RHB George Chadwick
|
0-0: Ball 1-0: Called Strike 1-1: Ball 2-1: Fly out, F8 (Flyball, 8LM, EV 90.0 MPH)
|
| Top of the 8th over - 3 runs, 3 hits, 0 errors, 1 left on base; Greenwood 4 - Sumter 4 |
| BOTTOM OF THE 8TH |
|
Sumter Gamecocks batting - Pitching for Greenwood Grizzlies : LHP Rich Barnes
|
|
Batting: RHB Jerry Hidalgo
|
0-0: Foul Ball, location: 2F 0-1: Ball 1-1: Foul Ball, location: 2F 1-2: Foul Ball, location: 2F 1-2: SINGLE (Flyball, 9LS, EV 86.3 MPH)
|
|
Batting: RHB Claude Johnson
|
0-0: Ball 1-0: Bunted foul 1-1: Bunt missed! 1-2: Ball 2-2: Foul Ball, location: 2F 2-2: SINGLE (Line Drive, 7S, EV 100.0 MPH) Jerry Hidalgo to second
|
|
Batting: RHB Juan Hernandez
|
0-0: Foul Ball, location: 2F 0-1: Ball 1-1: Ball 2-1: Called Strike 2-2: Foul Ball, location: 2F 2-2: Ball 3-2: Base on Balls Jerry Hidalgo to third Claude Johnson to second
|
|
Pitching: RHP Byron Jackson
|
|
|
Batting: SHB John Cangelosi
|
0-0: Fly out, F7 (Line Drive, 7, EV 107.5 MPH)
|
|
Batting: LHB Antonio Tapia
|
0-0: Ball 1-0: Ball 2-0: Ball 3-0: Called Strike 3-1: Base on Balls Jerry Hidalgo scores Claude Johnson to third Juan Hernandez to second
|
|
Batting: RHB Randy Washington
|
0-0: Ball 1-0: Ball 2-0: Swinging Strike 2-1: Foul Ball, location: 2F 2-2: Ball 3-2: Strikes out swinging
|
|
Batting: RHB Ron Shepherd
|
0-0: Foul Ball, location: 2F 0-1: Foul Ball, location: 2F 0-2: Foul Ball, location: 2F 0-2: Ball 1-2: Foul Ball, location: 2F 1-2: Foul Ball, location: 2F 1-2: Ball 2-2: Foul Ball, location: 2F 2-2: Ball 3-2: Foul Ball, location: 2F 3-2: Base on Balls Claude Johnson scores Juan Hernandez to third Antonio Tapia to second
|
|
Batting: LHB Mark Gerard
|
0-0: Ball 1-0: Ball 2-0: Foul Ball, location: 2F 2-1: GRAND SLAM HOME RUN (Flyball, 9LD, EV 96.3 MPH), Distance : 355 ft
|
|
Batting: RHB Vaughn Calloway
|
0-0: Ball 1-0: Called Strike 1-1: Ball 2-1: Foul Ball, location: 2F 2-2: Ball 3-2: Foul Ball, location: 2F 3-2: Foul Ball, location: 2F 3-2: Strikes out swinging
|
| Bottom of the 8th over - 6 runs, 3 hits, 0 errors, 0 left on base; Greenwood 4 - Sumter 10 |
| TOP OF THE 9TH |
|
Greenwood Grizzlies batting - Pitching for Sumter Gamecocks : LHP Daniel Ortega
|
|
Batting: RHB Robert Weirum
|
0-0: SINGLE (Line Drive, 78S, EV 113.1 MPH)
|
|
Batting: RHB Frank Castro
|
0-0: Ball 1-0: Grounds into double play, 4-6-3 (Groundball, 4, EV 82.5 MPH)
|
|
Batting: LHB John Flammang
|
0-0: Ball 1-0: Foul Ball, location: 2F 1-1: Swinging Strike 1-2: Foul Ball, location: 2F 1-2: Foul Ball, location: 2F 1-2: Foul Ball, location: 2F 1-2: Ball 2-2: Ground out 4-3 (Groundball, 4M, EV 90.0 MPH)
|
| Top of the 9th over - 0 runs, 1 hit, 0 errors, 0 left on base; Greenwood 4 - Sumter 10 |
|